AoeStats
← Afuera! Afuera! Afuera!

Arabia

510850236Analyzed
1v1 RM · 15h ago on Oct 2, 2026· 22m 0s· 2 players
Game mode
Random Map
Map size
Tiny (2 player)
Population
200
Speed
Normal
Resources
Standard
Victory
Conquest
Starting age
Dark Age
Ending age
Imperial Age
RankedLock teamsTeams togetherTeam positionsShared explorationLock speedFull tech treeHidden civsTurbo modeCheats
Victory
Defeat
🇫🇷 Mongols · France
951
+15
🇳🇱 Magyars · Netherlands
939
-15
HotPepper™
15:02 Feudal Age
15:37 Horse Collar
16:13 Double-Bit Axe
Afuera! Afuera! Afuera!
1:02 Loom
12:11 Feudal Age
13:45 Wheelbarrow
16:52 Castle Age
15:10 Horse Collar
15:37 Double-Bit Axe
18:29 Scale Barding Armor
18:41 Bow Saw
19:34 Town Watch
20:23 Heavy Plow
21:56 Husbandry
Connection lost

Rejoining the realm…

Still unreachable

The connection could not be restored.

Session expired

The server has moved on; the page needs a fresh start.